 Dungeon Crawl Stone Soup version 0.25.0-9-g26727b657a (webtiles) character file.

Game seed: 18178817689092451666

35 Acheron the Vandal (level 3, 0/40 HPs)
             Began as a Demonspawn Hunter on June 17, 2020.
             Was an Initiate of Nemelex Xobeh.
             Slain by an adder (1 damage)
             ... on level 3 of the Dungeon.
             The game lasted 00:08:41 (1696 turns).

Acheron the Vandal (Demonspawn Hunter)              Turns: 1696, Time: 00:08:45

Health: 0/40       AC:  3    Str: 12    XL:     3   Next: 17%
Magic:  0/3        EV: 12    Int: 12    God:    Nemelex Xobeh [......]
Gold:   112        SH:  0    Dex: 14    Spells: 3/3 levels left

rFire    . . .     SeeInvis .   l - +0 hand axe (curse)
rCold    . . .     Gourm    .   (no shield)
rNeg     . . .     Faith    .   c - +0 leather armour
rPois    .         Spirit   +   (no helmet)
rElec    .         Reflect  .   h - scarf {repulsion}
rCorr    .         Harm     .   (no gloves)
MR       .....                  (no boots)
Stlth    ..........             (no amulet)
HPRegen  0.13/turn              (no ring)
MPRegen  0.08/turn              (no ring)

@: berserking, lethally poisoned (0 -> -9), repel missiles, very quick
A: magic shield
a: Draw Escape, Draw Destruction, Draw Summoning, Renounce Religion


You were on level 3 of the Dungeon.
You worshipped Nemelex Xobeh.
Nemelex Xobeh was noncommittal.
You were hungry.

You visited 1 branch of the dungeon, and saw 3 of its levels.

You collected 112 gold pieces.

Inventory:

Hand Weapons
 a - a +1 hunting sling
 b - a +0 short sword
 l - a cursed +0 hand axe (weapon)
 o - a +0 hunting sling
Missiles
 d - 20 sling bullets
 j - 62 stones (quivered)
 n - 6 curare-tipped darts
Armour
 c - a +0 leather armour (worn)
 e - a +0 chain mail of magic resistance
 h - a scarf of repulsion (worn)
Jewellery
 t - an uncursed amulet of regeneration {unknown}
Potions
 k - a potion of haste {unknown}
 q - a potion of stabbing {unknown}
 s - a potion of degeneration {unknown}
Comestibles
 f - 4 rations
 m - 2 chunks of flesh


   Skills:
 * Level 2.2 Fighting
 * Level 0.5 Short Blades
 + Level 4.0 Slings
 * Level 0.6 Armour
 * Level 1.8 Dodging
 * Level 1.2 Stealth
 * Level 0.6 Spellcasting


You had 3 spell levels left.
You didn't know any spells.
Your spell library was empty.

Dungeon Overview and Level Annotations

Branches:
Dungeon (3/15)

Altars:
Nemelex Xobeh
Xom


Innate Abilities, Weirdness & Mutations

When hurt, damage is shared between your health and your magic reserves.


Message History

You feel sick. The adder misses you.
You see here a chain mail.
You miss the adder.
The adder is severely wounded.
* * * LOW HITPOINT WARNING * * *
You feel sick. The adder barely misses you.
You hit the adder.
The adder is severely wounded.
* * * LOW HITPOINT WARNING * * *
You feel sick. The adder misses you. The adder bites you but does no damage.
It was a potion of cancellation.
You feel magically purged.
* * * LOW HITPOINT WARNING * * *
You feel sick. The adder barely misses you.
It was a potion of berserk rage.
A red film seems to cover your vision as you go berserk!
You feel yourself moving faster!
You feel mighty!
* * * LOW HITPOINT WARNING * * *
You feel sick. The adder misses you. The adder bites you.
You die...
Your body disappears without a glow.

#..%... ....
#.S...#.....
#.....#.....
#....... ...
#.....# ..
####.##.####
#K(†........
#S##'#######
#@#....#
#.#.#(.#
#.#..#.#
#<#....#
#####+##


You could see an adder and a kobold.

Vanquished Creatures
  A dart slug (D:1)
  3 leopard geckos
  A bat (D:1)
  2 giant cockroaches (D:2)
  5 goblins
  4 hobgoblins
  A kobold (D:2)
  2 quokkas (D:2)
  2 frilled lizards (D:1)
  6 rats
27 creatures vanquished.

Notes
Turn   | Place    | Note
-------+----------+-------------------------------------------
     0 | D:1      | Acheron the Demonspawn Hunter began the quest for the Orb.
     0 | D:1      | Reached XP level 1. HP: 16/16 MP: 1/1
   109 | D:1      | Reached skill level 1 in Stealth
   340 | D:1      | Gained mutation: When hurt, damage is shared between your
                  | health and your magic reserves. [demonic ancestry]
   340 | D:1      | Reached XP level 2. HP: 16/22 MP: 2/2
  1136 | D:2      | Reached skill level 4 in Slings
  1151 | D:2      | Found a sparkling altar of Nemelex Xobeh.
  1155 | D:2      | Became a worshipper of Nemelex Xobeh the Trickster
  1307 | D:2      | Reached XP level 3. HP: 24/27 MP: 3/3
  1340 | D:2      | Found a shimmering altar of Xom.
  1527 | D:2      | Received a gift from Nemelex Xobeh
  1695 | D:3      | HP: 1/27 [poisoned by an adder]
  1696 | D:3      | Slain by an adder

Illustrated notes

Levels and vault maps discovered:
D:1:      minmay_arrival_cross, layout_rooms, minmay_strange_pillars
D:2:      layout_loops_ring, kiku_gazebo_garden_becter, lemuel_doored_altar,
          st_stairs_1, nemelex_lonely_heart_becter
D:3:      layout_basic, vehumet_crystals, lemuel_crystal_altar,
          lightli_sewer_entry_pipes, kennysheep_generic_room_14

Skill      XL: |  1  2 |
---------------+-------+-----
Stealth        | 1 |  1.2
Slings         | 4 |  4.0
Fighting       | |  2.2
Short Blades   | |  0.5
Armour         | |  0.6
Dodging        | |  1.8
Spellcasting   | |  0.6

Action                   || total
-------------------------++-------
Melee: Short sword       ||    96
       Hand axe          ||    16
 Fire: Hunting sling     ||     4
  Use: Scroll            ||     3
       Potion            ||     2
 Stab: Distracted        ||     1
       Sleeping          ||     1
  Eat: Chunk             ||     2
Armor: Leather armour    ||    18
Dodge: Dodged            ||    87
